Map: Echo of the past

Players

Tesla

  • Race: Protoss Protoss

DocHoliday - Winner!

  • Race: Zerg Zerg
  • League: Diamond

VOD

Have the link to the VOD?

Description

Time

  • Played on: Aug. 18, 2016, 12:04 a.m.
  • Length: 12:22
Show
View Real Time Build Order
Export as new Build Order

Tesla Protoss 

Build Orders:  

Get SALT Encoding   

  12  0:01  Probe (Chrono Boost)  
  13  0:11  Probe (Chrono Boost)  
  14  0:20  Pylon  
  14  0:22  Probe (Chrono Boost)  
  15  0:38  Probe (Chrono Boost)  
  15  0:39  Gateway  
  16  0:43  Assimilator  
  16  0:48  Probe (Chrono Boost)  
  17  0:59  Probe (Chrono Boost)  
  18  1:06  Pylon  
  18  1:09  Probe (Chrono Boost)  
  19  1:20  Probe (Chrono Boost)  
  20  1:27  Cybernetics Core  
  20  1:30  Probe (Chrono Boost)  
  21  1:41  Probe (Chrono Boost)  
  22  1:49  Warp Gate  
  22  1:51  Nexus  
  22  1:53  Probe (Chrono Boost)  
  23  2:01  Assimilator  
  23  2:05  Probe (Chrono Boost)  
  24  2:19  Mothership Core (Chrono Boost)  
  24  2:20  Adept  
  28  2:32  Pylon  
  29  2:38  Probe (Chrono Boost)  
  29  2:47  Stalker  
  32  2:51  Probe (Chrono Boost)  
  32  2:57  Forge, Gateway  
  32  3:00  Pylon  
  32  3:04  Probe (Chrono Boost)  
  33  3:08  Probe (Chrono Boost)  
  34  3:16  Probe (Chrono Boost)  
  34  3:19  Probe (Chrono Boost)  
  36  3:21  Stalker  
  36  3:23  Protoss Ground Weapons Level 1  
  39  3:28  Probe (Chrono Boost)  
  39  3:34  Gateway  
  39  3:37  Probe (Chrono Boost)  
  41  3:42  Probe (Chrono Boost)  
  41  3:47  Probe (Chrono Boost)  
  42  3:54  Probe (Chrono Boost)  
  43  3:58  Probe (Chrono Boost), Stalker  
  46  4:04  Gateway  
  46  4:05  Pylon  
  46  4:09  Probe (Chrono Boost)  
  47  4:10  Assimilator  
  47  4:11  Adept  
  47  4:12  Assimilator  
  47  4:13  Probe (Chrono Boost)  
  50  4:21  Probe (Chrono Boost)  
  50  4:23  Adept  
  54  4:24  Probe (Chrono Boost)  
  54  4:31  Stalker  
  56  4:34  Probe (Chrono Boost)  
  57  4:40  Stalker  
  57  4:45  Pylon, Probe (Chrono Boost)  
  60  4:49  Gateway  
  60  4:51  Gateway  
  60  4:55  Probe (Chrono Boost)  
  61  5:00  Adept x2  
  61  5:05  Pylon  
  61  5:06  Probe (Chrono Boost)  
  66  5:07  Stalker  
  66  5:08  Stalker  
  70  5:19  Probe (Chrono Boost)  
  70  5:20  Probe (Chrono Boost)  
  70  5:21  Protoss Ground Armor Level 1  
  72  5:24  Pylon  
  72  5:26  Robotics Facility  
  72  5:30  Adept x2, Pylon  
  76  5:41  Probe (Chrono Boost)  
  76  5:42  Probe (Chrono Boost)  
  78  5:45  Twilight Council  
  78  5:54  Assimilator  
  78  5:56  Assimilator  
  78  6:00  Nexus  
  78  6:05  Stalker  
  78  6:08  Probe (Chrono Boost)  
  78  6:09  Probe (Chrono Boost)  
  78  6:10  Sentry  
  84  6:14  Observer  
  85  6:19  Stalker  
  87  6:28  Probe (Chrono Boost)  
  89  6:33  Stalker, Probe (Chrono Boost)  
  89  6:34  Stalker  
  89  6:35  Adept  
  89  6:38  Resonating Glaives, Probe (Chrono Boost)  
  89  6:39  Warp Prism  
  96  6:45  Stalker, Probe (Chrono Boost)  
  101  6:50  Probe (Chrono Boost)  
  102  7:02  Pylon  
  102  7:06  Pylon  
  102  7:09  Pylon x2  
  102  7:12  Pylon  
  102  7:13  Pylon  
  102  7:14  Pylon, Probe (Chrono Boost)  
  102  7:15  Protoss Ground Weapons Level 2, Pylon  
  103  7:19  Probe (Chrono Boost)  
  103  7:21  Probe (Chrono Boost)  
  105  7:26  Immortal, Probe (Chrono Boost)  
  110  7:34  Adept  
  112  7:38  Probe (Chrono Boost)  
  112  7:39  Probe x2 (Chrono Boost)  
  115  7:45  Adept x2  
  120  7:51  Probe (Chrono Boost)  
  120  7:56  Adept  
  120  7:57  Adept x3  
  126  8:11  Adept x2  
  122  8:13  Immortal  
  126  8:22  Adept x3  
  126  8:23  Adept  
  133  8:31  Stargate  
  133  8:33  Stargate  
  133  8:46  Adept  
  133  8:47  Adept x5  
  145  8:51  Blink  
  145  9:02  Nexus  
  143  9:10  Stalker x4  
  143  9:12  Sentry  
  143  9:16  Protoss Ground Weapons Level 3  
  153  9:34  Immortal  
  157  9:39  Adept  
  157  9:45  Stalker  
  161  9:46  Zealot x2  
  165  9:56  Phoenix  
  159  10:05  Stalker  
  149  10:07  Stalker  
  141  10:15  Stalker  
  141  10:20  Stalker  
  133  10:34  Stalker x2  
  123  10:48  Stalker x4  
  109  11:03  Stalker  
  109  11:04  Stalker  
  99  11:10  Phoenix  
  97  11:15  Zealot x4  
  103  11:20  Phoenix  
  103  11:21  Warp Prism  
  87  11:35  Phoenix  
  81  11:40  Zealot x6  
  81  11:44  Phoenix  
  91  11:51  Probe (Chrono Boost)  
  92  11:57  Phoenix  
  96  12:01  Probe (Chrono Boost)  
  96  12:04  Mothership Core (Chrono Boost)  
  96  12:05  Stalker  
  85  12:09  Stalker x2  
Show
View Real Time Build Order
Export as new Build Order

DocHoliday Zerg - Winner!

Build Orders: 3 Hatch before Pool 

Get SALT Encoding   

  12  0:03  Drone  
  13  0:16  Overlord  
  13  0:22  Drone  
  14  0:35  Drone x2  
  16  0:41  Drone  
  17  0:56  Hatchery  
  16  0:58  Drone  
  17  1:22  Hatchery  
  17  1:23  Drone  
  17  1:30  Drone x2  
  19  1:40  Drone  
  20  1:48  Spawning Pool  
  19  1:54  Drone  
  20  2:01  Drone  
  21  2:11  Drone x2  
  23  2:22  Drone x2  
  25  2:30  Drone x2  
  25  2:34  Drone  
  28  2:38  Queen x2  
  28  2:39  Queen  
  34  2:45  Overlord  
  34  2:55  Overlord  
  34  3:05  Drone x4  
  38  3:18  Drone x6  
  44  3:21  Queen  
  44  3:22  Queen  
  48  3:43  Drone x2  
  48  3:45  Overlord x2  
  50  3:58  Hatchery  
  49  4:03  Queen  
  49  4:06  Queen x2  
  49  4:09  Drone x2  
  58  4:10  Drone x7  
  58  4:16  Spine Crawler  
  63  4:18  Spine Crawler  
  63  4:20  Spine Crawler  
  61  4:27  Drone x2  
  61  4:28  Drone x3  
  61  4:29  Overlord  
  66  4:35  Extractor  
  66  4:36  Extractor  
  64  4:38  Extractor x2  
  64  4:40  Drone  
  64  4:41  Drone x3  
  64  4:43  Overlord x2  
  66  4:54  Drone x6  
  66  4:59  Queen  
  72  5:01  Queen  
  77  5:21  Drone  
  77  5:22  Drone x14, Metabolic Boost  
  91  5:41  Zergling x10  
  96  5:43  Overlord x2  
  96  5:47  Lair, Evolution Chamber x2  
  94  5:52  Overlord x3  
  94  6:18  Drone x2  
  96  6:20  Drone x4  
  96  6:24  Zergling x26, Extractor  
  112  6:25  Extractor  
  112  6:29  Zerg Melee Weapons Level 1  
  112  6:30  Zerg Ground Armor Level 1  
  112  6:32  Overlord x2  
  107  6:50  Zergling x2  
  107  6:51  Zergling x28, Spire  
  121  6:57  Overlord  
  121  7:10  Hatchery  
  121  7:14  Zergling x6  
  121  7:15  Zergling x26  
  136  7:24  Extractor  
  136  7:26  Extractor  
  134  7:40  Zergling x10  
  134  7:41  Zergling x8  
  134  7:42  Overlord x6  
  143  7:52  Extractor  
  143  7:56  Extractor  
  131  8:20  Zerg Flyer Weapons Level 1  
  131  8:22  Mutalisk  
  131  8:23  Mutalisk x15  
  163  8:31  Drone  
  163  8:32  Drone x7  
  157  8:45  Drone  
  157  8:46  Drone x10  
  139  9:04  Hatchery  
  137  9:10  Mutalisk x2  
  137  9:11  Mutalisk x6  
  153  9:22  Overlord  
  153  9:23  Overlord x2, Hatchery  
  152  9:24  Queen  
  152  9:25  Queen x4  
  162  9:31  Mutalisk  
  162  9:32  Mutalisk x2, Nydus Network  
  162  9:37  Overlord x3  
  167  9:47  Mutalisk  
  167  9:48  Mutalisk x3  
  175  9:56  Mutalisk  
  175  9:57  Mutalisk x2  
  153  10:09  Mutalisk x2  
  153  10:10  Mutalisk  
  149  10:16  Mutalisk  
  149  10:17  Mutalisk  
  127  10:35  Mutalisk x3  
  121  10:38  Drone  
  121  10:39  Drone x17  
  121  10:40  Drone  
  137  11:00  Mutalisk x4  
  128  11:12  Drone  
  128  11:13  Drone x16  
  145  11:19  Extractor  
  145  11:22  Extractor  
  141  11:32  Hatchery  
  136  12:01  Nydus Network  
  149  12:18  Hatchery  
Tags
 
Add a new tag
Caveats
  • Supply blocks, unpowered buildings, or Contaminate may cause inaccurate times.
  • Supply counts are checked every 10 seconds.